 Dungeon Crawl Stone Soup version 0.27-a0-1101-ge311f74bc8 (webtiles) character file.

Game seed: 17569263880414226268

367 UncommonGray the Stinger (level 6, -3/29 HPs)
             Began as a Spriggan Venom Mage on Apr 26, 2021.
             Slain by an iguana (14 damage)
             ... on level 4 of the Dungeon on Apr 28, 2021.
             The game lasted 00:18:27 (5398 turns).

UncommonGray the Stinger (Spriggan Venom Mage)      Turns: 5398, Time: 00:18:28

Health: -3/29      AC:  3    Str:  4    XL:     6   Next: 41%
Magic:  7/14       EV: 17    Int: 18    God:
Gold:   163        SH:  0    Dex: 16    Spells: 1/14 levels left

rFire    . . .     SeeInvis +   e - +0 dagger
rCold    . . .     Faith    .   (shield restricted)
rNeg     . . .     Spirit   .   a - +0 robe
rPois    +         Reflect  .   (helmet restricted)
rElec    .         Harm     .   q - +0 cloak {Will+}
rCorr    +         Rampage  .   (gloves unavailable)
Will     ++...                  (boots unavailable)
Stlth    ++........             (no amulet)
HPRegen  0.09/turn              o - ring of poison resistance
MPRegen  0.14/turn              f - ring of resist corrosion

@: very slightly contaminated, very quick
A: very small, no large weapons, unfitting armour, see invisible, speed 3
a: no special abilities


You were on level 4 of the Dungeon.
You visited 1 branch of the dungeon, and saw 4 of its levels.

You collected 163 gold pieces.

Inventory:

Hand Weapons
 e - a +0 dagger (weapon)
Missiles
 k - 18 poisoned darts
 u - a throwing net
Armour
 a - a +0 robe (worn)
 q - a +0 cloak of willpower (worn)
Magical Staves
 l - a staff of death
Jewellery
 f - a ring of resist corrosion (right hand)
 i - an amulet of faith
 o - a ring of poison resistance (left hand)
Wands
 v - a wand of polymorph (10)
Scrolls
 j - 2 scrolls of immolation {unknown}
 n - a scroll of teleportation {unknown}
 p - a scroll of fog {unknown}
Potions
 b - a potion of cancellation
 c - a potion of ambrosia
 m - 2 potions of invisibility {unknown}
 r - a potion of degeneration
 s - a potion of berserk rage
 t - a potion of curing {unknown}


   Skills:
 + Level 0.8 Fighting
 + Level 1.1 Short Blades
 + Level 2.9 Dodging
 + Level 3.3 Stealth
 + Level 4.6 Spellcasting
 + Level 3.6 Transmutations
 + Level 1.1 Air Magic
 + Level 5.1 Poison Magic


You had one spell level left.
You knew the following spells:

 Your Spells              Type           Power      Damage    Failure   Level
a - Sting                 Tmut/Pois      80%        1d7       2%          1
b - Poisonous Vapours     Pois/Air       30%        N/A       6%          2
c - Mephitic Cloud        Conj/Pois/Air  11%        N/A       17%         3
d - Ignite Poison         Fire/Tmut/Pois 14%        N/A       12%         3
e - Olgreb's Toxic Radia  Pois           22%        N/A       17%         4

Your spell library contained the following spells:

 Spells                   Type           Power      Damage    Failure   Level
 Summon Small Mammal      Summ           16%        N/A       14%         1
 Call Imp                 Summ           4%         N/A       22%         2
 Call Canine Familiar     Summ           4%         N/A       38%         3
 Summon Guardian Golem    Hex/Summ       4%         N/A       38%         3
 Summon Lightning Spire   Summ/Air       6%         N/A       73%         4
 Summon Ice Beast         Ice/Summ       4%         N/A       80%         4


Dungeon Overview and Level Annotations

Branches:
Dungeon (4/15)
 Temple: D:4-7

Altars:

Shops:
D:2 (   D:3 (

Annotations:
D:4 Ijyb


Innate Abilities, Weirdness & Mutations

You are very small and have problems with some larger weapons.
You are too small for most types of armour.
You have supernaturally acute eyesight. (SInv)
You cover ground extremely quickly. (Speed+++)


Message History

The kobold closely misses you. The iguana bites you.
The jackal closely misses you.
Casting: Olgreb's Toxic Radiance (extremely dangerous; 17% risk of failure)
Confirm with . or Enter, or press ? or * to list all spells.
The spell is extremely dangerous to cast (17% risk of failure)!
Continue anyway?
You begin to radiate toxic energy.
Ijyb is poisoned.
The kobold is poisoned.
The iguana is poisoned.
The jackal is poisoned.
The iguana is poisoned.
The hound is poisoned.
Ijyb looks even sicker.
The iguana looks even sicker.
The jackal looks even sicker.
The iguana looks even sicker.
You kill the kobold!
The jackal closely misses you. Ijyb misses you. The iguana closely misses you.
Unknown command.
Ijyb looks even sicker.
The jackal looks even sicker.
The hound looks even sicker.
You kill the jackal!
Ijyb looks as sick as possible!
Your toxic aura wanes.
The hound closely misses you.
Ijyb zaps a wand.
The bolt of acid hits you! You resist.
You are splashed with acid.
You resist.
As you read the scroll of fear, it crumbles to dust.
You assume a fearsome visage.
Ijyb looks frightened!
The hound skeleton is unaffected.
The iguana looks frightened!
The hound looks frightened!
You barely miss the hound skeleton.
The hound skeleton is lightly damaged.
The hound skeleton bites you but does no damage.
The iguana closely misses you.
You hit the hound skeleton.
The hound skeleton is moderately damaged.
The hound skeleton barely misses you. The iguana misses you.
You hit the hound skeleton.
The hound skeleton is moderately damaged.
The hound skeleton bites you but does no damage.
The iguana barely misses you.
The hound skeleton completely misses you.
You hit the hound skeleton.
The hound skeleton is heavily damaged.
The hound skeleton bites you. The iguana bites you!
You die...

#### ##h..##
##.....## #.......#
##.......#######
........l......#
.......@#......#####
........Z....)......
##..........<)...###
#...........g...#
#............รท#..#
##.....#..........#
##...##...........
#### #......#..#.
#......#....


You could see Ijyb (fleeing, very poisoned), an iguana (poisoned), a hound
(fleeing, poisoned) and a hound skeleton.

Vanquished Creatures
  An orc warrior (D:3)
  Crazy Yiuf (D:3)
  Terence (D:3)
  Robin (D:3)
  A howler monkey skeleton (D:3)
  8 adders
  A worm (D:2)
  2 dart slugs
  4 orcs (D:3)
  12 ball pythons
  5 bats
  7 endoplasms
  4 giant cockroaches
  13 goblins
  11 hobgoblins
  19 jackals
  3 quokkas
  10 frilled lizards
  10 kobolds
  5 rats
119 creatures vanquished.

Vanquished Creatures (others)
  2 fungi (D:3)
2 creatures vanquished.

Grand Total: 121 creatures vanquished

Notes
Turn   | Place    | Note
-------+----------+-------------------------------------------
     0 | D:1      | UncommonGray the Spriggan Venom Mage began the quest for
                  | the Orb.
     0 | D:1      | Reached XP level 1. HP: 9/9 MP: 5/5
   320 | D:1      | Reached XP level 2. HP: 13/13 MP: 2/7
   572 | D:1      | Learned a level 2 spell: Poisonous Vapours
   888 | D:1      | Reached XP level 3. HP: 13/16 MP: 1/8
  1191 | D:1      | Learned a level 3 spell: Mephitic Cloud
  1202 | D:1      | Found a faded altar of an unknown god.
  1203 | D:1      | Upgraded the game from 0.27-a0-1084-g78b3836a5f to
                  | 0.27-a0-1101-ge311f74bc8
  1880 | D:2      | Found Ifu Dor's Weapon Emporium.
  2349 | D:2      | Reached skill level 4 in Poison Magic
  2349 | D:2      | Reached XP level 4. HP: 21/21 MP: 5/10
  2353 | D:2      | Learned a level 3 spell: Ignite Poison
  3174 | D:3      | Noticed Robin
  3393 | D:3      | Found a runed translucent door.
  3394 | D:3      | Noticed Crazy Yiuf
  3411 | D:3      | Killed Crazy Yiuf
  3412 | D:3      | Reached XP level 5. HP: 25/25 MP: 8/12
  3473 | D:3      | Killed Robin
  4139 | D:3      | Reached skill level 1 in Air Magic
  4319 | D:3      | Noticed an orc warrior
  4334 | D:3      | Killed an orc warrior
  4335 | D:3      | Reached skill level 1 in Short Blades
  4335 | D:3      | Reached XP level 6. HP: 21/29 MP: 4/13
  4555 | D:3      | Noticed Terence
  4571 | D:3      | Killed Terence
  4572 | D:3      | Reached skill level 5 in Poison Magic
  4870 | D:3      | Found Ovuniuf's Weapon Shoppe.
  5065 | D:4      | Noticed Ijyb
  5319 | D:3      | Learned a level 4 spell: Olgreb's Toxic Radiance
  5398 | D:4      | Slain by an iguana

Illustrated notes

Levels and vault maps discovered:
D:1:      lightli_arrival_lavapool, layout_basic,
          hellmonk_ecumenical_altar_run_dry, minmay_hedge_maze
D:2:      layout_basic, serial_shops, shop, serial_forest,
          infiniplex_forest_clump_medium, infiniplex_forest_lined_corner,
          infiniplex_forest_lined_room_3, infiniplex_forest_clump_small
D:3:      minmay_evil_eye, layout_loops_ring, serial_shops, shop_fountains,
          st_stairs_9, minmay_shallow_snake_nest, uniq_crazy_yiuf_cottage,
          uniq_terence, uniq_robin
D:4:      layout_rooms, nicolae_wu_jian_immortal_techniques,
          minmay_temple_entry_sparse_star, serial_shops,
          nicolae_shop_behind_doors, uniq_ijyb

Skill      XL: |  1  2  3  4  5  6 |
---------------+-------------------+-----
Spellcasting   | 3 4 |  4.6
Transmutations | 2 3 |  3.6
Poison Magic   | 4 5 |  5.1
Air Magic      | 1 |  1.1
Short Blades   | 1 |  1.1
Fighting       | |  0.8
Dodging        | |  2.9
Stealth        | |  3.3

Action                   |  1- 3 |  4- 6 || total
-------------------------+-------+-------++-------
Melee: Unarmed           |     8 |       ||     8
       Dagger            |    38 |    73 ||   111
 Cast: Sting             |    52 |    69 ||   121
       Poisonous Vapours |    21 |    45 ||    66
       Olgreb's Toxic Ra |       |     1 ||     1
  Use: Scroll            |       |     7 ||     7
Armor: Robe              |     6 |     7 ||    13
Dodge: Dodged            |    34 |   109 ||   143

Table legend: (Time is in decaauts)
 A = Elapsed time spent in this place.
 B = Non-inter-level travel time spent in this place.
 C = Inter-level travel time spent in this place.
 D = Time resting spent in this place.
 E = Time spent auto-exploring this place.
 F = Levels seen in this place.
 G = Mean time per level.
                   A        B        C        D        E       F      G
               +--------+--------+--------+--------+--------+-----+--------+
         Total |   4464 |   4380 |     84 |    782 |   2904 |   4 | 1116.0 |
       Dungeon |   4464 |   4380 |     84 |    782 |   2904 |   4 | 1116.0 |
               +--------+--------+--------+--------+--------+-----+--------+

Top non-repeatable levels by time:
     D:3: 1987 daAuts
     D:2: 1323 daAuts
     D:1: 1106 daAuts
     D:4: 48 daAuts
